AoeStats
← Abetterhandle

Oasis

507442246Analyzed
4v4 RM · 14d ago on Sep 18, 2026· 41m 9s· 8 players
Game mode
Random Map
Map size
Large (8 player)
Population
200
Speed
Normal
Resources
Standard
Victory
Conquest
Starting age
Dark Age
Ending age
Imperial Age
RankedLock teamsTeams togetherTeam positionsShared explorationLock speedFull tech treeHidden civsTurbo modeCheats
Victory
Defeat
🇬🇷 Spanish · Greece
1220
+13
🇨🇳 Hindustanis · China
1015
+22
🇨🇳 Huns · China
986
+23
🇳🇿 Slavs · New Zealand
975
+24
🇦🇺 Ethiopians · Australia
1178
-22
🇬🇧 Sicilians · United Kingdom
1153
-21
🇨🇳 Persians · China
1134
-20
🇦🇺 Poles · Australia
1107
-19
ssseeing
3:27 Loom
14:54 Feudal Age
16:35 Fletching
19:30 Wheelbarrow
Melting Snowball
8:57 Loom
10:44 Feudal Age
12:37 Town Watch
15:42 Castle Age
14:21 Double-Bit Axe
14:19 Horse Collar
16:59 Wheelbarrow
17:25 Bow Saw
22:04 Stone Mining
24:13 Hand Cart
26:56 Gold Mining
28:38 Scale Mail Armor
28:49 Forging
31:12 Imperial Age
29:42 Chain Mail Armor
30:58 Iron Casting
32:21 First Crusade
31:26 Capped Ram
33:38 Plate Mail Armor
34:09 Blast Furnace
32:57 Arson
33:15 Squires
32:44 Elite Serjeant
32:48 Man-at-Arms
33:32 Gambesons
33:58 Siege Ram
34:04 Long Swordsman
35:14 Conscription
34:54 Two-Handed Swordsman
35:46 Champion
ants
12:54 Feudal Age
16:11 Double-Bit Axe
16:11 Horse Collar
16:39 Gold Mining
19:45 Castle Age
20:48 Husbandry
20:59 Bloodlines
21:29 Light Cavalry
26:34 Wheelbarrow
28:47 Heavy Plow
29:59 Forging
29:54 Scale Barding Armor
33:00 Hand Cart
35:45 Iron Casting
35:31 Chain Barding Armor
c r v w l e y
7:20 Loom
9:43 Feudal Age
11:37 Double-Bit Axe
13:41 Fletching
25:30 Castle Age
24:49 Padded Archer Armor
25:36 Crossbowman
26:15 Bodkin Arrow
26:36 Leather Archer Armor
27:56 Horse Collar
29:29 Ballistics
37:02 Scale Mail Armor
M@nte
7:56 Loom
10:38 Feudal Age
11:23 Double-Bit Axe
15:45 Fletching
23:27 Castle Age
21:58 Stone Mining
21:51 Horse Collar
22:40 Gold Mining
24:12 Heavy Plow
24:25 Bow Saw
24:39 Caravan
25:38 Town Watch
30:07 Wheelbarrow
33:31 Bodkin Arrow
34:40 Hand Cart
35:16 Padded Archer Armor
36:39 Leather Archer Armor
36:48 Ballistics
36:08 Pikeman
37:44 Fortified Wall
39:08 Masonry
40:40 Caravan
41:05 Town Patrol
Abetterhandle
2:35 Loom
14:14 Feudal Age
17:52 Man-at-Arms
18:49 Forging
22:38 Double-Bit Axe
30:05 Castle Age
29:01 Scale Mail Armor
29:36 Gold Mining
29:40 Stone Mining
29:57 Horse Collar
32:05 Stone Mining
32:55 Iron Casting
33:51 Squires
king vitt
0:29 Loom
13:49 Feudal Age
14:12 Horse Collar
14:20 Double-Bit Axe
21:31 Castle Age
22:27 Wheelbarrow
22:37 Heavy Plow
22:50 Bow Saw
24:23 Hand Cart
25:24 Stone Mining
25:32 Gold Mining
26:20 Town Watch
34:09 Imperial Age
33:42 Caravan
34:49 Gold Shaft Mining
35:56 Chemistry
35:25 Grand Trunk Road
36:34 Conscription
37:35 Fortified Wall
Snow
0:34 Loom
10:27 Feudal Age
10:54 Double-Bit Axe
10:50 Horse Collar
18:13 Castle Age
20:04 Wheelbarrow
20:18 Heavy Plow
20:43 Bow Saw
23:50 Gold Mining
24:06 Stone Mining
25:24 Gold Shaft Mining
25:56 Hand Cart
30:20 Marauders
33:30 Imperial Age
32:06 Forging
32:01 Scale Barding Armor
33:23 Iron Casting
33:00 Bloodlines
32:56 Fletching
33:18 Husbandry
34:31 Chain Barding Armor
34:35 Conscription
34:29 Masonry
33:51 Light Cavalry
34:09 Elite Tarkan
35:12 Conscription
36:21 Plate Barding Armor
37:27 Blast Furnace
37:11 Caravan
38:02 Murder Holes
Connection lost

Rejoining the realm…

Still unreachable

The connection could not be restored.

Session expired

The server has moved on; the page needs a fresh start.